 Dungeon Crawl Stone Soup version 0.30.1-9-gdf580d7c3d (webtiles) character file.

Game seed: 18103680080553943676

119 lonewolfV2 the Changer (level 4, -2/33 HPs)
             Began as a Demonspawn Wanderer on Oct 24, 2023.
             Slain by a gnoll
             ... wielding a +0 halberd
              (10 damage)
             ... on level 3 of the Dungeon.
             The game lasted 00:04:10 (1833 turns).

lonewolfV2 the Changer (Demonspawn Wanderer)        Turns: 1833, Time: 00:04:10

Health: -2/33      AC: 10    Str:  8    XL:     4   Next: 73%
Magic:  7/8        EV: 11    Int: 14    God:
Gold:   130        SH:  0    Dex: 18    Spells: 8/9 levels left

rFire   . . .        a - +4 falchion (flame)
rCold   . . .        (no shield)
rNeg    . . .        c - +0 robe
rPois   .            (helmet currently unavailable)
rElec   .            (no cloak)
rCorr   .            f - +1 pair of gloves
SInv    .            (boots currently unavailable)
Will    .....        (no amulet)
Stlth   ++           (no ring)
HPRegen 0.25/turn    (no ring)
MPRegen 0.11/turn

%: no passive effects
@: appendages, sanguine armoured
A: horns 2, talons 2, sanguine armour 1
a: End Transformation


You were on level 3 of the Dungeon.
You had temporarily grown beastly horns and talons.
You visited 1 branch of the dungeon, and saw 3 of its levels.

You collected 130 gold pieces.

Inventory:

Hand Weapons
 a - a +4 falchion of flaming (weapon)
Armour
 c - a +0 robe (worn)
 f - a +1 pair of gloves (worn)
Jewellery
 e - a +5 ring of evasion
Scrolls
 b - a scroll of silence
 g - a scroll of identify {unknown}
Potions
 d - 3 potions of lignification {unknown}
 h - a potion of heal wounds {unknown}


   Skills:
 - Level 2.0 Fighting
 - Level 2.6 Long Blades
 - Level 1.0 Armour
 - Level 1.0 Stealth
 + Level 3.0 Spellcasting
 + Level 3.4 Transmutations


You had 8 spell levels left.
You knew the following spells:

 Your Spells              Type           Power      Damage    Failure   Level
a - Beastly Appendage     Tmut           22%        N/A       5%          1

Your spell library contained the following spells:

 Spells                   Type           Power      Damage    Failure   Level
 Passwall                 Tmut/Erth      5%         N/A       16%         2
 Magic Dart               Conj           8%         1d3       22%         1
 Sandblast                Erth           4%         2d4       22%         1
 Call Imp                 Summ           4%         N/A       32%         2
 Ignite Poison            Fire/Tmut/Pois 5%         N/A       38%         3
 Dazzling Flash           Conj/Hex       4%         N/A       54%         3
 Mephitic Cloud           Conj/Pois/Air  2%         N/A       54%         3
 Stone Arrow              Conj/Erth      4%         3d7       54%         3
 Vhi's Electric Charge    Tloc/Air       4%         N/A       54%         3
 Volatile Blastmotes      Fire/Tloc      4%         2d10      54%         3
 Iskenderun's Mystic Bla  Conj/Tloc      2%         2d3       91%         4
 Arcjolt                  Conj/Air       1%         1d11      99%         5
 Plasma Beam              Fire/Air       1%         2x1d12    100%        6
 Starburst                Conj/Fire      1%         6d3       100%        6


Dungeon Overview and Level Annotations

Branches:
Dungeon (3/15)

Altars:
Makhleb
Wu Jian


Innate Abilities, Weirdness & Mutations

You have temporarily grown beastly horns and talons.
When seriously injured, your blood forms armour. (AC +6)


Message History

The jackal barely misses you.
Your transformation is almost over.
Your blood armour dries and flakes away.
The gnoll barely misses you. The jackal barely misses you.
Things that are here:
a +0 whip; a gnoll corpse You slash the jackal!
You burn the jackal.
You kill the jackal!
The gnoll misses you.
You see here a jackal corpse.
The gnoll hits you with a +0 halberd!
Your blood congeals into armour.
You see here a jackal corpse.
You hit the gnoll. You burn the gnoll.
The gnoll is moderately wounded.
The gnoll hits you but does no damage. The gnoll barely misses you.
Casting: Beastly Appendage (safe; 5% risk of failure)
Confirm with . or Enter, or press ? or * to list all spells.
You extend your transformation's duration.
The gnoll barely misses you.
You hit the gnoll. You burn the gnoll.
You kill the gnoll!
You hit the gnoll. You burn the gnoll.
The gnoll is moderately wounded.
The gnoll hits you with a +0 club.
You hit the gnoll. You burn the gnoll.
The gnoll is severely wounded.
The gnoll closely misses you. x2
You slash the gnoll! You burn the gnoll.
You kill the gnoll!
The gnoll hits you from afar with a +0 halberd.
* * * LOW HITPOINT WARNING * * *
Your Spellcasting skill increases to level 3!
The gnoll hits you with a +0 halberd.
* * * LOW HITPOINT WARNING * * *
Items here: )) ††.
You hit the gnoll. You burn the gnoll. You claw the gnoll.
Your headbutt misses the gnoll.
The gnoll is almost dead.
The gnoll hits you with a +0 halberd!
You die...

..#.# . .... ..
##...### #.# ...
##..#... #.#
.........# #.#
.###K##.#.# ###.#
....g..K..# .##.#
##.###g##g###
.##.# #. #.##@#
.##.# #. ##.##†#
.##.# #.###...#.#
....# #.......$>#
##..#####).#...#.#
##.........##.##.#
###...........##.#
# #######.######.#
#.# #.#


You could see a gnoll and a kobold.

Vanquished Creatures
  3 gnolls (D:3)
  4 adders
  A dart slug (D:3)
  5 ball pythons
  2 bats (D:2)
  4 endoplasms
  3 giant cockroaches
  3 goblins (D:2)
  5 hobgoblins
  7 jackals
  A quokka (D:1)
  4 frilled lizards
  4 kobolds
  4 rats
50 creatures vanquished.

Notes
Turn   | Place    | Note
-------+----------+-------------------------------------------
     0 | D:1      | lonewolfV2 the Demonspawn Wanderer began the quest for the
                  | Orb.
     0 | D:1      | lonewolfV2 set off with the following items: a +3 falchion,
                  | a scroll of silence, a +0 robe; and the following spell
                  | memorised: Beastly Appendage; and the following spells
                  | available to memorise: Ignite Poison.
     0 | D:1      | Reached XP level 1. HP: 16/16 MP: 2/2
   226 | D:1      | Gained mutation: When seriously injured, your blood forms
                  | armour. (AC +6) [demonic ancestry]
   226 | D:1      | Reached XP level 2. HP: 21/22 MP: 1/4
   815 | D:2      | Reached XP level 3. HP: 15/27 MP: 3/6
   938 | D:2      | Found a burning altar of Makhleb.
  1276 | D:2      | Reached XP level 4. HP: 29/33 MP: 5/7
  1742 | D:3      | Found an ornate altar of the Wu Jian Council.
  1833 | D:3      | Slain by a gnoll

Illustrated notes

Levels and vault maps discovered:
D:1:      minmay_arrival_four_circles, layout_rooms, minmay_tetromino_t4
D:2:      layout_basic, basic_altar, serial_bayou_lagoon_b
D:3:      minmay_octagon_keep, layout_loops_ring,
          nicolae_overflow_crystal_walls, nicolae_qazlal_beasts_of_the_sky,
          minmay_rat_hole, uniq_ijyb

Skill      XL: |  1  2  3  4 |
---------------+-------------+-----
Transmutations | 2 3 |  3.4
Spellcasting   | 2 3 |  3.0
Fighting       | |  2.0
Long Blades    | |  2.6
Armour         | |  1.0
Stealth        | |  1.0

Action                     |  1- 3 |  4- 6 || total
---------------------------+-------+-------++-------
  Melee: Falchion          |    86 |    29 ||   115
         Headbutt          |    12 |     2 ||    14
         Kick              |     8 |     4 ||    12
   Cast: Beastly Appendage |    19 |     6 ||    25
    Use: Scroll            |     3 |     3 ||     6
   Stab: Sleeping          |     1 |     2 ||     3
 Armour: Robe              |    14 |    14 ||    28
  Dodge: Dodged            |    70 |    36 ||   106
